 Dungeon Crawl Stone Soup version 0.21.1-1-g345015f (webtiles) character file.

11 glosham the Charlatan (level 2, -12/18 HPs)
             Began as a Kobold Artificer on May 8, 2018.
             Killed themself with a badly aimed iceblast (16 damage)
             ... on level 3 of the Dungeon.
             The game lasted 00:05:02 (224 turns).

glosham the Charlatan (Kobold Artificer)             Turns: 224, Time: 00:05:03

Health: -12/18     AC:  3    Str:  9    XL:     2   Next: 35%
Magic:  4/4        EV: 14    Int: 15    God:
Gold:   40         SH:  0    Dex: 15    Spells: 1/1 levels left

rFire    . . .     SeeInvis .   a - +0 short sword
rCold    . . .     Gourm    .   (shield restricted)
rNeg     . . .     Faith    .   b - +0 leather armour
rPois    .         Spirit   .   (no helmet)
rElec    .         Reflect  .   (no cloak)
rCorr    .         Harm     .   (no gloves)
MR       .....                  (no boots)
Stlth    ++........             (no amulet)
HPRegen  0.06/turn              A - +3 ring of intelligence
MPRegen  0.09/turn              (no ring)

@: no status effects
A: small, carnivore
a: no special abilities


You were on level 3 of the Dungeon.
You were completely stuffed.

You visited 1 branch of the dungeon, and saw 3 of its levels.

You collected 40 gold pieces.

Inventory:

Hand Weapons
 a - a +0 short sword (weapon)
Armour
 b - a +0 leather armour (worn)
Jewellery
 A - a +3 ring of intelligence (left hand)
Wands
 c - a wand of flame (11)
 d - a wand of enslavement (14)
 e - a wand of random effects (14)
Scrolls
 h - a scroll of identify {unknown}
 i - 3 scrolls of remove curse {unknown}
 j - a scroll of blinking {unknown}
Potions
 g - a potion of cancellation {unknown}
 k - a potion of curing {unknown}
Comestibles
 f - 4 rations


   Skills:
 * Level 2.5 Fighting
 - Level 1.3 Short Blades
 - Level 2.4 Dodging
 - Level 1.3 Stealth
 - Level 3.6 Evocations


You had one spell level left.
You didn't know any spells.

Dungeon Overview and Level Annotations

Branches:
Dungeon (3/15)

Altars:
The Shining One


Innate Abilities, Weirdness & Mutations

You are small and have problems with some larger weapons.
You are carnivorous and can eat meat at any time.


Message History

You hit the orc but do no damage.
The orc is lightly wounded.
The orc hits you.
You hit the orc but do no damage.
The orc is lightly wounded.
The orc hits you.
You hit the orc but do no damage.
The orc is lightly wounded.
The orc hits you.
* * * LOW HITPOINT WARNING * * *
You hit the orc but do no damage.
The orc is lightly wounded.
The orc barely misses you.
You hit the orc but do no damage.
The orc is lightly wounded.
The orc completely misses you.
Evoke which item? (* to show all) (? for menu, Esc to quit)
Aiming: Throw Flame
Press: ? - help, Shift-Dir - straight line, f - orc
Aim: an orc, wearing a chain mail (lightly wounded)
The puff of flame hits the orc.
The orc is severely wounded.
The orc closely misses you.
Evoke which item? (* to show all) (? for menu, Esc to quit)
Aiming: Throw Flame
Press: ? - help, Shift-Dir - straight line, f/p - orc
Aim: an orc, wearing a chain mail (severely wounded)
The puff of flame hits the orc.
The orc appears unharmed.
The orc is severely wounded.
The orc barely misses you.
An orc comes into view. It is wielding a flail.
Evoke which item? (* to show all) (? for menu, Esc to quit)
Aiming: Random Effects
Press: ? - help, Shift-Dir - straight line, f - orc, p - orc
Aim: an orc, wielding a flail and wearing a runed scale mail (hasn't noticed you)
The mass of ice explodes!
The iceblast engulfs the orc.
You kill the orc!
The iceblast engulfs you!
Ouch! That really hurt!
You die...

#.#.# #.#.#
#####.#.#
#.......#
#.......####.
#......o...o..
#.............
#####[#.......
#@#......#
#.########
#........
#########


You could see an orc (wandering).

Vanquished Creatures
  2 leopard geckos (D:2)
  An orc (D:3)
  A goblin (D:2)
  A hobgoblin (D:2)
  A kobold (D:2)
  A rat (D:2)
7 creatures vanquished.

Vanquished Creatures (collateral kills)
  A dart slug (D:2)
1 creature vanquished.

Grand Total: 8 creatures vanquished

Notes
Turn   | Place    | Note
-------+----------+-------------------------------------------
     0 | D:1      | glosham the Kobold Artificer began the quest for the Orb.
     0 | D:1      | Reached XP level 1. HP: 12/12 MP: 3/3
    21 | D:1      | You fall through a shaft!
    95 | D:2      | Reached skill level 2 in Fighting
    99 | D:2      | Reached XP level 2. HP: 4/17 MP: 4/4
   125 | D:2      | Found a glowing golden altar of the Shining One.
   224 | D:3      | Killed themself with a badly aimed iceblast

Skill      XL: |  1 |
---------------+----+-----
Fighting       | 2 |  2.5
Short Blades   | |  1.3
Dodging        | |  2.4
Stealth        | |  1.3
Evocations     | |  3.6

Action                   || total
-------------------------++-------
Melee: Short sword       ||    30
Evoke: Wand              ||     6
 Stab: Sleeping          ||     2
  Eat: Chunk             ||     6
Armor: Leather armour    ||     1
Dodge: Dodged            ||    20

Table legend:
 A = Turns spent in this place as a percentage of turns spent in the entire game.
 B = Non-inter-level travel turns spent in this place as a percentage of non-inter-level travel turns spent in the entire game.
 C = Inter-level travel turns spent in this place as a percentage of turns spent in this place.
 D = Turns resting spent in this place as a percentage of non-inter-level travel turns spent in this place.
 E = Turns spent auto-exploring this place as a percentage of non-inter-level travel turns spent in this place.
 F = Non-inter-level travel turns spent in this place divided by the number of levels of this place that you've seen.
                   A       B       C       D       E      F
               +-------+-------+-------+-------+-------+----------------------
         Total | 100.0 | 100.0 |   0.0 |   0.0 |   0.0 |  74.7
       Dungeon | 100.0 | 100.0 |   0.0 |   0.0 |   0.0 |  74.7
               +-------+-------+-------+-------+-------+----------------------

Table legend:
 A = Kills in this place as a percentage of kills in entire the game.
 B = Kills by you in this place as a percentage of kills by you in the entire game.
 C = Kills by friends in this place as a percentage of kills by friends in the entire game.
 D = Other kills in this place as a percentage of other kills in the entire game.
 E = Experience gained in this place as a percentage of experience gained in the entire game.
 F = Experience gained in this place divided by the number of levels of this place that you have seen.
                   A       B       C       D       E      F
               +-------+-------+-------+-------+-------+----------------------
         Total | 100.0 | 100.0 | 100.0 |   N/A | 100.0 |   5.3
       Dungeon | 100.0 | 100.0 | 100.0 |   N/A | 100.0 |   5.3
               +-------+-------+-------+-------+-------+----------------------

Vault maps used:
D:1:      lightli_arrival_windingriver, grunt_decor_one_mirror
D:2:      nicolae_overflow_crystal_walls, tso_oasis_becter,
          uniq_crazy_yiuf_cottage
